Map: Cactus Valley LE (Void)

Players

Dark - Winner!

  • Race: Zerg Zerg
  • League: Grandmaster
  • Spawn Location: 5:00

INnoVation

  • Race: Terran Terran
  • League: Grandmaster
  • Spawn Location: 1:00

Event: Polygon Gaming Invitational #10

VOD

https://www.youtube.com/watch?v=wg31u5LMybE&index=5&list=PL9QsjkBYtQM4FOph0oThEnvgqxfCQmaLv

Description

With some great zergling micro, Dark manages to clear out a bunch of hellions and get some great scouting information. A banshee comes to his main but the spore crawlers are there to discourage too much aggression. Knowing he is on the shadowy map Cactus Valley, Dark drops a nydus in INnoVation's base while his hellions move out. Will the cyclone army at home be enough to defend him from the ravager queen army sitting in his main?

Time

  • Played on: March 30, 2017, 12:22 a.m.
  • Length: 7:56

All games in this series

Show
View Real Time Build Order
Export as new Build Order

Dark Zerg - Winner!

Build Orders: Hatch First 

Get SALT Encoding   

  12  0:01  Drone  
  13  0:12  Overlord  
  13  0:19  Drone  
  14  0:32  Drone x2  
  14  0:35  Drone  
  17  0:53  Hatchery  
  17  0:56  Drone  
  17  0:59  Drone  
  18  1:10  Extractor  
  17  1:14  Spawning Pool  
  17  1:16  Drone  
  17  1:21  Drone  
  18  1:28  Drone  
  19  1:39  Overlord  
  19  2:00  Queen  
  21  2:01  Zergling x4  
  21  2:04  Queen  
  21  2:05  Drone  
  26  2:11  Metabolic Boost  
  26  2:12  Zergling x2  
  27  2:17  Drone  
  27  2:22  Drone  
  29  2:27  Drone  
  30  2:35  Drone  
  31  2:38  Queen  
  31  2:40  Overlord  
  33  2:57  Drone  
  34  2:58  Drone  
  34  3:01  Drone  
  36  3:06  Overlord, Drone  
  37  3:15  Zergling x14  
  44  3:33  Zergling x4  
  41  3:42  Queen, Lair  
  41  3:44  Zergling x4  
  45  3:49  Zergling x4  
  45  3:53  Hatchery  
  46  4:04  Zergling x4  
  46  4:05  Drone x4  
  46  4:09  Drone  
  51  4:14  Drone, Roach Warren  
  48  4:17  Drone  
  45  4:25  Drone  
  45  4:29  Spore Crawler  
  42  4:32  Spore Crawler, Extractor x2  
  42  4:35  Drone  
  40  4:39  Drone  
  40  4:40  Drone, Overseer  
  40  4:44  Drone x3  
  45  4:48  Drone  
  46  4:52  Extractor  
  45  5:01  Drone  
  45  5:04  Drone  
  45  5:05  Drone  
  48  5:08  Drone x3  
  51  5:14  Roach x3  
  51  5:16  Overlord  
  57  5:27  Nydus Network  
  55  5:29  Drone  
  55  5:30  Drone  
  55  5:35  Drone x3  
  60  5:36  Drone  
  60  5:37  Glial Reconstitution  
  60  5:38  Overlord  
  60  5:40  Queen  
  63  5:44  Roach  
  65  5:54  Roach  
  65  5:56  Overlord  
  65  5:57  Overseer  
  65  6:00  Roach x2  
  65  6:03  Spore Crawler  
  68  6:08  Roach x2  
  68  6:10  Roach  
  74  6:17  Roach  
  76  6:22  Drone x2  
  76  6:23  Drone, Overlord  
  76  6:24  Drone x3  
  82  6:29  Overlord  
  82  6:30  Overlord  
  82  6:39  Overlord x2  
  82  6:44  Nydus Canal  
  82  6:45  Ravager x2  
  82  6:46  Ravager  
  86  6:47  Ravager  
  88  6:54  Roach x4  
  88  6:55  Roach  
  88  6:56  Roach  
  88  6:59  Roach  
  100  7:04  Roach x2  
  100  7:07  Roach x2  
  108  7:09  Roach  
  108  7:12  Roach  
  108  7:15  Roach  
  114  7:18  Roach  
  114  7:21  Roach x2  
  114  7:22  Roach  
  122  7:30  Overlord  
Show
View Real Time Build Order
Export as new Build Order

INnoVation Terran 

Build Orders: Reaper Expand, Hellion Banshee 

Get SALT Encoding   

  12  0:00  SCV  
  13  0:12  SCV  
  14  0:17  Supply Depot  
  14  0:24  SCV  
  14  0:28  Refinery  
  15  0:39  SCV  
  16  0:44  Barracks  
  16  0:51  SCV  
  17  1:03  SCV  
  18  1:15  SCV  
  19  1:31  Reaper, Orbital Command  
  20  1:42  Command Center  
  20  1:52  Factory  
  20  1:57  SCV  
  21  2:06  Barracks Reactor  
  21  2:09  Refinery, SCV  
  21  2:14  Supply Depot  
  22  2:21  SCV  
  23  2:35  SCV  
  24  2:40  Starport  
  24  2:45  Hellion x2  
  24  2:48  SCV  
  24  2:50  Barracks Tech Lab  
  29  2:54  Orbital Command  
  29  3:00  SCV  
  30  3:06  Hellion  
  30  3:09  Hellion  
  34  3:13  SCV  
  34  3:19  SCV  
  36  3:21  Cloaking Field  
  36  3:25  Banshee  
  39  3:38  SCV x2  
  41  3:45  Supply Depot  
  41  3:46  Barracks Tech Lab  
  41  3:48  Hellion  
  43  3:50  SCV x2  
  43  3:55  Hellion  
  43  4:03  SCV x2  
  43  4:08  Banshee  
  43  4:19  SCV x2  
  41  4:24  Hellion  
  41  4:25  Hellion  
  45  4:31  SCV x2  
  47  4:40  Stimpack, Supply Depot  
  47  4:45  SCV x2  
  49  4:53  Armory  
  51  5:00  Hellion x2  
  51  5:04  Banshee  
  56  5:11  Supply Depot  
  56  5:12  SCV x2  
  59  5:29  Cyclone  
  59  5:31  SCV x2  
  59  5:32  Marine  
  59  5:33  Cyclone  
  64  5:39  Supply Depot  
  61  5:45  SCV  
  61  5:46  SCV  
  63  5:50  Marine  
  63  5:51  Command Center  
  64  5:58  SCV x2  
  66  6:06  Starport Reactor  
  66  6:09  Marine  
  67  6:13  Barracks  
  67  6:14  Barracks, SCV x2  
  69  6:19  Engineering Bay  
  69  6:20  Refinery x2, Engineering Bay  
  69  6:26  SCV x2  
  69  6:30  Marine  
  69  6:31  Factory Reactor  
  72  6:38  SCV  
  72  6:39  Supply Depot, SCV  
  74  6:48  Marine  
  74  6:51  SCV x2  
  74  6:52  Starport Reactor  
  77  7:01  Marine x2  
  77  7:03  SCV x2, Orbital Command  
  77  7:04  Supply Depot  
  77  7:07  Marauder  
  83  7:09  Marine x2  
  83  7:11  Siege Tank  
  86  7:16  SCV  
  86  7:17  SCV  
  84  7:27  Marine  
  84  7:28  Marine x3  
  84  7:29  Marauder  
  85  7:36  SCV x2  
Tags
 
Add a new tag
Caveats
  • Supply blocks, unpowered buildings, or Contaminate may cause inaccurate times.
  • Supply counts are checked every 10 seconds.